← All builds
Geo / Armada / Economy first / OBSERVED BUILD

Standard geo

Eco-first Geo build that rushes geothermal power and T2 constructor before transitioning into Starlight-led T2 units for front, the role's baseline play.

Usually blows up the commander for T2 (66%)

#eco #t2 · 709 distinct matches · 107 players · 58% of Armada Geo games · team won 54% of 800 · Recently observed

HOW TO PLAY IT

Key timing: Geothermal Powerplant by 3:26

  1. Open mex and wind into Bot Lab.
  2. Rush geothermal for the early energy spike.
  3. Add Advanced Metal Extractor, then Advanced Geothermal by 7:07.
  4. Bring up Vehicle Plant alongside T2 con for "Starlight" and vehicles.
  5. Funnel "Starlight" and T1 vehicles to front, pay allies with cons and "Lazarus".

Phase by phase

TYPICAL OF ITS 709 GAMES
  1. 1
  2. 2
  3. 3
  4. 4
PLAY THE OPENING

Follow the example game's first 6:00 step by step: what to build now, what comes next, and where it goes. At 1× it keeps pace with your own game.

  1. 1

    Up to the Bot Lab

    Economy
    • Metal Extractor2Mex
    • Wind Turbine4Wind
    Order
    1. Bot LabBot Lab after 2 mex, 4 winddone ~1:12, middle half 0:58–1:22

    By 0:55 in all: 2 mex · 4 wind

    The example game in this phase · 8 steps
    1. Mex ×2
    2. Wind
    3. SentrySentry
    4. Mex
    5. Wind ×3
    6. Energy storage
    7. Wind
    8. Bot LabBot Labdone 2:01 · typical 1:12
  2. 2

    Bot Lab to 5:00

    Economy
    • Metal Extractor2Mex
    • Wind Turbine3Wind
    • Energy Converter8Converter
    • Energy Storage1Energy storage
    Order
    1. Geothermal PowerplantGeo after 4 mex, 5 wind, 1 energy storage
    Builders
    • Construction Turret5 Con turret
    • Lazarus4 Lazarus
    • Construction Bot2 Con bot
    • Construction Bot1 Con bot for allies
    • Lazarus1 Lazarus for allies

    By 5:00 in all: 4 mex · 6 wind · 1 geo · 8 converter · 1 energy storage · 5 con turret

    The example game in this phase · 24 steps
    1. Construction BotCon botfor Beach sea
    2. LazarusLazarus
    3. PawnPawnfor Beach sea
    4. LazarusLazarus ×2
    5. Mex
    6. Construction BotCon bot
    7. LazarusLazarusfor Beach sea
    8. LazarusLazarus
    9. Geothermal PowerplantGeodone 4:01 · typical 3:26
    10. LazarusLazarus
    11. Construction BotCon bot
    12. Con turret
    13. Converter
    14. Con turret ×3
    15. Converter
    16. Con turret
    17. Converter
    18. Wind
    19. Converter
    20. Wind
    21. Converter
    22. Con turret
    23. Wind
    24. Converter
  3. 3

    5:00 to Vehicle Plant

    Order
    1. Advanced Geothermal PowerplantAdvanced Geothermal Powerplant after 8 wind, 10 converter, 6 con turretin 59% of games
    2. Vehicle PlantVehicle Plant after 9 wind, 10 converter, 6 con turretdone ~7:07, middle half 6:42–7:41
    Builders
    • Construction Turret1 Con turret

    Some games also: converter (49%) · wind (48%)

    By 7:00 in all: 4 mex · 10 wind · 1 geo · 1 Advanced Geothermal Powerplant · 10 converter · 1 energy storage

    The example game in this phase · 20 steps
    1. Wind
    2. Con turret
    3. Converter ×2
    4. Wind
    5. Converter ×2
    6. Advanced Metal ExtractorT2 mexdone 5:59 · typical 5:34
    7. Converter
    8. Radar TowerRadar Tower
    9. Advanced Metal ExtractorT2 mex
    10. Converter
    11. SentrySentry
    12. Advanced Metal ExtractorT2 mex
    13. Converter
    14. Advanced Metal ExtractorT2 mex
    15. Converter ×2
    16. Advanced Geothermal PowerplantAdvanced Geothermal Powerplantdone 7:02 · typical 7:06
    17. SentrySentry
    18. Converter
    19. SentrySentry
    20. Converter
  4. 4

    Vehicle Plant to 10:00

    Economy
    • Wind Turbine5Wind
    • Energy Converter3Converter
    Order
    1. Advanced Vehicle PlantAdvanced Vehicle Plant after 11 wind, 11 converter, 7 con turret
    Builders
    • Construction Vehicle1 Con vehicle
    Army
    • Starlight2 Starlight
    • Umbra1 Jammer
    • Prophet1 Radar vehicle

    Some games also: con turret (50%) · T2 con vehicle for allies (48%) · Jaguar (31%)

    By 10:00 in all: 4 mex · 20 wind · 1 geo · 1 Advanced Geothermal Powerplant · 16 converter · 1 energy storage

    The example game in this phase · 95 steps
    1. Converter
    2. Hovercraft PlatformHovercraft Platformdone 7:13
    3. SentrySentry
    4. SeekerSeeker ×6
    5. Wind
    6. SeekerSeeker
    7. Wind
    8. SeekerSeeker ×2
    9. Wind
    10. SeekerSeeker
    11. Construction HovercraftCon hovercraft
    12. Wind ×2
    13. Con turret
    14. Construction HovercraftCon hovercraft
    15. Wind
    16. Construction HovercraftCon hovercraft
    17. Wind ×2
    18. Advanced Vehicle PlantAdvanced Vehicle Plantdone 8:21 · typical 8:07
    19. Wind
    20. Con turret
    21. StarlightStarlightdone 8:49 · typical 9:03
    22. Wind ×2
    23. StarlightStarlightfor Front
    24. Wind
    25. Con turret
    26. Wind ×2
    27. Con turret
    28. StarlightStarlight
    29. Wind ×2
    30. Con turret
    31. Wind
    32. ShredderShredderdone 10:07
    33. Wind ×3
    34. Converter ×2
    35. ShredderShredder
    36. StarlightStarlight
    37. Wind
    38. UmbraJammer
    39. ProphetRadar vehicle
    40. Advanced Construction VehicleT2 con vehiclefor Suicide front
    41. Wind ×3
    42. Con turret
    43. Wind ×2
    44. StarlightStarlight
    45. Wind ×5
    46. StarlightStarlight
    47. Wind
    48. Converter
    49. Wind ×11
    50. StarlightStarlight
    51. Wind ×8
    52. StarlightStarlight
    53. Wind ×6
    54. Converter
    55. Wind ×2
    56. UmbraJammer
    57. ProphetRadar vehicle
    58. Wind
    59. AmbassadorAmbassadorfor Frontdone 12:26
    60. Converter
    61. Wind
    62. Converter ×3
    63. AmbassadorAmbassadorfor Front
    64. Wind ×2
    65. Converter
    66. Wind ×5
    67. AmbassadorAmbassadorfor Front
    68. Wind ×7
    69. AmbassadorAmbassadorfor Front
    70. Wind ×4
    71. Con turret
    72. Wind ×2
    73. Advanced Construction VehicleT2 con vehicle
    74. Wind ×2
    75. Con turret
    76. Wind ×3
    77. ConsulConsul
    78. Con turret
    79. Wind ×2
    80. Con turret ×2
    81. Wind
    82. Con turret ×2
    83. Converter
    84. Wind
    85. TracerTracer
    86. Converter ×2
    87. Con turret
    88. Converter
    89. CitadelAnti-nukenot finished by 15:00
    90. Wind ×2
    91. Metal storage
    92. Wind ×14
    93. Converter
    94. Wind ×5
    95. ConsulConsul

Counts are medians over the build's games: half of them build more, half fewer. The example game is Viltrum's (41 OS, 14/09/2026); pick another.

Team trades

IN AT LEAST 30% OF ITS GAMES

You hand over

  • Lazarus1 Lazarus to Beach seafirst at 2:16 · in 78% of games
  • Construction Bot1 Con bot to Beach seafirst at 2:31 · in 88% of games
  • Advanced Construction Vehicle1 T2 con vehicle to Suicide front or Frontfirst at 8:52 · in 62% of games

You get

  • Hercules1 Light transport from Airfirst at 4:20 · in 35% of games
  • Advanced Construction Bot1 T2 con bot from Techfirst at 4:48 · in 95% of games

How it plays out

Typical game of this build, running totals by minute

Metal produced

020k40k
0:005:0010:0015:00

metal

Enemy metal destroyed

05k10k15k
0:005:0010:0015:00

metal

Own metal lost

02.5k5k7.5k
0:005:0010:0015:00

metal

800 games.

Show as table
ByMetal produced: This buildEnemy metal destroyed: This buildOwn metal lost: This build
1:0033300
2:0082600
3:00152700
4:00270000
5:00372800
6:00572800
7:00814500
8:0011494021
9:001451051130
10:0017421615320
11:00204012076790
12:002333640221927
13:002607961903323
14:002899585234783
15:0031544103856248
WHAT THE NUMBERS SAY

Standard Geo build dominates the resource numbers, with zero own losses through 10:00 and a huge metal lead by 15:00.

  • + Metal produced hits 31426 by 15:00, highest of all six builds
  • + Own metal lost is 0 by 5:00 and only 334 by 10:00
  • − First Starlight only arrives in 57% of games by 9:19
  • − Advanced geothermal lands in just 69% of games by 7:16
THE EXAMPLE YOU ARE READING

Viltrum

41.0 OS · 14/09/2026

Open source match ↗

5 received units · includes a constructor
565 metal received · 106640 energy received

Allied construction assistance is unknown. Timings are observations, not a promise of solo reproducibility.

Typical milestones

Bot Lab1:12Middle 50%: 0:58–1:22 · n=799
Geothermal Powerplant3:26Middle 50%: 3:10–3:42 · n=798
Advanced Metal Extractor5:34Middle 50%: 5:18–5:56 · n=797
Advanced Geothermal Powerplant7:06Middle 50%: 6:49–7:34 · n=578
Vehicle Plant7:07Middle 50%: 6:42–7:41 · n=761
Advanced Vehicle Plant8:07Middle 50%: 7:41–8:51 · n=723
Starlight9:03Middle 50%: 8:31–9:53 · n=634

Played most by

zeus_on_god84games of this build0neTw083games of this buildViltrum53games of this buildDamsko40games of this buildXad39games of this build